 Dungeon Crawl Stone Soup version 0.30-a0-1066-g63dfefce0d (webtiles) character file.

Game seed: 16562190825835770927

477 GigaChad the Conjurer (level 6, -5/32 HPs)
             Began as a Deep Elf Conjurer on Apr 12, 2023.
             Slain by a steam dragon (6 damage)
             ... on level 4 of the Dungeon.
             The game lasted 00:06:52 (3524 turns).

GigaChad the Conjurer (Deep Elf Conjurer)           Turns: 3524, Time: 00:06:52

Health: -5/32      AC:  3    Str:  6    XL:     6   Next: 85%
Magic:  4/16       EV: 13    Int: 27    God:
Gold:   159        SH:  0    Dex: 13    Spells: 2/15 levels left

rFire   . . .      SeeInvis .    j - +1 falchion of Youthful Indiscretion {heavy, Str+2 Int+2}
rCold   . . .      Faith    .    (no shield)
rNeg    . . .      Spirit   .    a - +1 robe
rPois   .          Reflect  .    (no helmet)
rElec   .          Rampage  .    (no cloak)
rCorr   .                        (no gloves)
Will    .....                    (no boots)
Stlth   ++                       f - amulet of the acrobat
HPRegen 0.25/turn                (no ring)
MPRegen 0.15/turn                (no ring)

@: no status effects
A: no striking features
a: no special abilities


You were on level 4 of the Dungeon.
You visited 1 branch of the dungeon, and saw 4 of its levels.

You collected 159 gold pieces.

Inventory:

Hand Weapons
 j - the +1 falchion of Youthful Indiscretion (weapon) {heavy, Str+2 Int+2}
   (You found it on level 3 of the Dungeon)

   Str:       It affects your strength (+2).
   Int:       It affects your intelligence (+2).
 l - a +0 dagger
Armour
 a - a +1 robe (worn)
Jewellery
 f - an amulet of the acrobat (around neck)
 n - a ring of wizardry
Scrolls
 c - 2 scrolls of teleportation
 g - a scroll of identify
Potions
 b - a potion of magic
 d - 2 potions of berserk rage {unknown}
 e - a potion of cancellation {unknown}
 h - 4 potions of curing {unknown}
 i - a potion of might {unknown}
 k - a potion of lignification {unknown}
 m - a potion of mutation {unknown}


   Skills:
 + Level 0.1 Long Blades
 * Level 4.4 Dodging
 * Level 3.4 Stealth
 + Level 0.1 Unarmed Combat
 + Level 5.4 Spellcasting
 + Level 6.2 Conjurations
 * Level 1.6 Hexes
 * Level 1.3 Translocations
 * Level 1.6 Transmutations


You had 2 spell levels left.
You knew the following spells:

 Your Spells              Type           Power      Damage    Failure   Level
a - Magic Dart            Conj           100%       1d8       1%          1
b - Searing Ray           Conj           82%        2d7       1%          2
c - Fulminant Prism       Conj/Hex       14%        3d8       13%         4
d - Iskenderun's Mystic   Conj/Tloc      27%        2d7       14%         4
e - Wereblood             Tmut           16%        N/A       5%          2

Your spell library contained the following spells:

 Spells                   Type           Power      Damage    Failure   Level
 Sublimation of Blood     Necr           7%         N/A       11%         2
 Dazzling Flash           Conj/Hex       56%        N/A       4%          3
 Silence                  Hex/Air        5%         N/A       80%         5
 Agony                    Necr           7%         N/A       88%         5
 Summon Hydra             Summ           3%         N/A       100%        7


Dungeon Overview and Level Annotations

Branches:
Dungeon (4/15)
 Temple: D:4-7

Altars:
Makhleb
Nemelex Xobeh
Yredelemnul


Message History

The steam dragon hisses angrily.
Okay, then.
Casting: Magic Dart (safe; 1% risk of failure)
Confirm with . or Enter, or press ? or * to list all spells.
The spell is quite dangerous to miscast (13% risk of failure)!
Continue anyway?
Aiming: Fulminant Prism (quite dangerous; 13% risk of failure)
Press: ? - help, Dir - move target You miscast Fulminant Prism.
You are very lightly contaminated with residual magic.
Nothing appears to happen.
The magic dart hits the steam dragon.
The steam dragon is lightly wounded.
The steam dragon breathes steam at you. The ball of steam hits you.
You can't see any susceptible monsters within range! (Use Z to cast anyway.) Unknown command.
The magic dart hits the steam dragon.
The steam dragon is lightly wounded.
A jelly comes into view.
The steam dragon breathes steam at you. The ball of steam hits you!
The jelly quivers.
You closely miss the steam dragon.
The steam dragon is lightly wounded.
You are engulfed in a cloud of scalding steam.
* * * LOW HITPOINT WARNING * * *
The steam dragon bites you.
* * * LOW HITPOINT WARNING * * *
The steam dragon claws you.
* * * LOW HITPOINT WARNING * * *
The steam dragon completely misses you. The steam dragon claws you.
* * * LOW HITPOINT WARNING * * *
The jelly is engulfed in a cloud of scalding steam.
Your magical contamination has completely faded away.
You slash the steam dragon!
The steam dragon is heavily wounded.
You are engulfed in a cloud of scalding steam.
* * * LOW HITPOINT WARNING * * *
The steam dragon bites you.
You die...

..............######.,,,,,,,,,,,*
########............,****,,*,**,*
###### #.###.######.,* *,,*,**,*
.....# #.# #.# *,,* *,,*,**,*
####.# #.# #.######,,****,,*,**,*
#.# #.# #.#.....,,,,,,,,*,**,*
#.# #.###...§##**,#******,**,*
#.###..#..§...###.### *,**,*
####.##..._#.§.§@D.J...#* *,**,*
..##..#P...#..§§.###....#***,**,*
#.##..'.⌠._##...## *,$....,,,,,,*
#.#####....###.## **,..##*******
#.†...#.PP_#...# ***##
########..#P#### #.##P## ######


You could see a steam dragon (catching breath) and a jelly.

Vanquished Creatures
  Pargi (D:4)
  A black bear (D:4)
  An ogre (D:4)
  2 hounds
  An orc priest (D:3)
  Natasha (D:2)
  4 adders
  2 dart slugs
  5 orcs (D:3)
  4 bats
  4 endoplasms
  5 giant cockroaches
  5 goblins
  5 hobgoblins
  5 jackals
  3 quokkas
  5 ball pythons
  3 frilled lizards
  3 kobolds
  6 rats
66 creatures vanquished.

Notes
Turn   | Place    | Note
-------+----------+-------------------------------------------
     0 | D:1      | GigaChad the Deep Elf Conjurer began the quest for the Orb.
     0 | D:1      | Reached XP level 1. HP: 10/10 MP: 6/6
   661 | D:1      | Reached XP level 2. HP: 15/15 MP: 1/8
  1044 | D:1      | Learned a level 2 spell: Searing Ray
  1257 | D:2      | Reached skill level 5 in Conjurations
  1566 | D:2      | Noticed Natasha
  1573 | D:2      | Killed Natasha
  1574 | D:2      | Reached XP level 3. HP: 19/19 MP: 1/9
  1771 | D:3      | Reached XP level 4. HP: 24/24 MP: 4/11
  2159 | D:3      | Identified the +1 falchion of Youthful Indiscretion {heavy,
                  | Str+2 Int+2}
  2400 | D:3      | Reached XP level 5. HP: 16/28 MP: 7/14
  2550 | D:3      | Learned a level 4 spell: Fulminant Prism
  2555 | D:3      | Learned a level 4 spell: Iskenderun's Mystic Blast
  2558 | D:3      | Learned a level 2 spell: Wereblood
  2707 | D:4      | Noticed a black bear
  2725 | D:4      | Killed a black bear
  2726 | D:4      | Reached skill level 5 in Spellcasting
  2726 | D:4      | Reached skill level 6 in Conjurations
  2726 | D:4      | Reached skill level 1 in Hexes
  2912 | D:4      | Reached skill level 1 in Transmutations
  3019 | D:4      | Reached XP level 6. HP: 32/32 MP: 15/15
  3221 | D:4      | Reached skill level 1 in Translocations
  3467 | D:4      | Found a burning altar of Makhleb.
  3467 | D:4      | Found a sparkling altar of Nemelex Xobeh.
  3467 | D:4      | Found a basalt altar of Yredelemnul.
  3505 | D:4      | Noticed Pargi
  3512 | D:4      | Noticed a steam dragon
  3513 | D:4      | Killed Pargi
  3524 | D:4      | HP: 1/32 [steam dragon] (2)]
  3524 | D:4      | Slain by a steam dragon

Illustrated notes

Levels and vault maps discovered:
D:1:      psy_arrival_statuary, layout_basic
D:2:      layout_basic, uniq_natasha
D:3:      layout_rooms
D:4:      layout_loops_ring, gammafunk_temple_overflow_forgotten, uniq_pargi

Skill      XL: |  1  2  3  4  5  6 |
---------------+-------------------+-----
Conjurations   | 5 6 |  6.2
Dodging        | 3 4 |  4.4
Spellcasting   | 4 5 |  5.4
Stealth        | 3 |  3.4
Hexes          | 1 |  1.6
Transmutations | 1 |  1.6
Translocations | 1 |  1.3
Long Blades    | |  0.1
Unarmed Combat | |  0.1

Action                     |  1- 3 |  4- 6 || total
---------------------------+-------+-------++-------
  Melee: Unarmed           |     7 |       ||     7
         Falchion          |       |    19 ||    19
         Punch             |       |     1 ||     1
   Cast: Magic Dart        |    50 |    97 ||   147
    Use: Scroll            |     4 |     4 ||     8
 Armour: Robe              |       |    14 ||    14
  Dodge: Dodged            |     8 |    39 ||    47

Table legend: (Time is in decaauts)
 A = Elapsed time spent in this place.
 B = Non-inter-level travel time spent in this place.
 C = Inter-level travel time spent in this place.
 D = Time resting spent in this place.
 E = Time spent auto-exploring this place.
 F = Levels seen in this place.
 G = Mean time per level.
                   A        B        C        D        E       F      G
               +--------+--------+--------+--------+--------+-----+--------+
         Total |   3539 |   3473 |     66 |    175 |   2862 |   4 |  884.8 |
       Dungeon |   3539 |   3473 |     66 |    175 |   2862 |   4 |  884.8 |
               +--------+--------+--------+--------+--------+-----+--------+

Top non-repeatable levels by time:
     D:1: 1093 daAuts
     D:4: 979 daAuts
     D:3: 836 daAuts
     D:2: 630 daAuts
